[Event "*** Titled Tuesday Blitz"]
[Site "Chess.com"]
[Date "2021.04.27"]
[Round "4"]
[White "Goryachkina"]
[Black "Forantes"]
[Result "1-0"]
[WhiteElo "2663"]
[BlackElo "2493"]
[TimeControl "180+1"]
[EndTime "10:40:23 PDT"]
[Termination "Goryachkina won by resignation"]

1. e4 c5 2. Nf3 Nc6 3. c3 d5 4.
exd5 Qxd5 5. Na3 Bg4 6. Be2 e6 7. O-O Nf6 8. h3 Bh5 9. d4 cxd4 10. Nb5 Rc8 11. Nfxd4 Bxe2 12. Qxe2 Bc5 13. Be3 Nxd4 14. Nxd4 O-O 15. Rfd1 Qe4 16. Qd3 Qxd3 17. Rxd3 Rfd8 18. Rad1 b6 19. Kf1 Nd5 20. Bg5 Be7 21. Nxe6 fxe6 22.
Bxe7 Rd7 23. Bg5 Kf7 24. g3 b5 25. Ke2 b4 26. cxb4 Rc2+ 27. R1d2 Rdc7 28. a3 Rxd2+ 29. Rxd2 h6 30. Be3 a6 31. Bc5 Kf6 32.
Rc2 Rd7 33. Bd4+ e5 34. Be3 Ke6 35. Rc6+ Rd6 36. Rxd6+ Kxd6 37. Kd3 Nc7 38. Bc5+ Kd5 39. f3 Ne6 40. Be3 Nc7 41. a4 h5 42. b3 g6 43.
g4 hxg4 44. hxg4 Ne6 45. b5 axb5 46. axb5 Nc7 47. b6 Na6 48. b7 Kc6 49. Ke4 Kxb7 50. Kxe5 Nc7 51. f4 Kc6 52. Bd2 Nd5 53. Ke6 g5 54. fxg5 Nc7+ 55. Kf7 Kd7 56. g6 Ne6 57.
g7 Ng5+ 58. Bxg5 Kc6 59. g8=Q Kb7 60. Qe8 1-0

[Event "*** Titled Tuesday Blitz"]
[Site "Chess.com"]
[Date "2021.04.27"]
[Round "4"]
[White "mr65"]
[Black "DanielTitichoca"]
[Result "1/2-1/2"]
[WhiteElo "2188"]
[BlackElo "2395"]
[TimeControl "180+1"]
[EndTime "10:40:25 PDT"]
[Termination "Game drawn - insufficient material"]

1. e4 c5 2. Ne2 Nc6 3. Nbc3 g6 4. d4 cxd4 5. Nxd4 Bg7 6. Be3 Nf6 7. Nxc6 bxc6 8. e5 Nd5 9. Nxd5 cxd5 10. Qxd5 Rb8 11.
Bxa7 Rxb2 12. Bd4 Rxc2 13. Bd3 Rc6 14. O-O O-O 15. Bb5 Rc2 16. a4 Qa5 17. Qb3 Rc7 18.
Qe3 Rc2 19. Bb6 Qb4 20. Rfb1 Qg4 21. Bd3 Bb7 22. Qg3 Qxg3 23. hxg3 Rc3 24. Bb5 Bxe5 25. Bxd7 Rd3 26. Bb5 Rd6 27. Bc5 Bxa1 28. Bxd6 exd6 29.
Rxa1 Ra8 30. a5 Ba6 31. Bxa6 Rxa6 32. Kf1 Kf8 33. Ke2 Ke7 34. Kd3 Kd7 35. Kc4 Kc6 36. Kb4 d5 37. Rc1+ Kb7 38. Kb5 Rd6 39. Rd1 d4 40.
Rd3 Rd5+ 41. Kb4 Ka6 42. Kc4 Rxa5 43. Rxd4 Ra2 44. Rf4 f5 45. Kd5 Kb6 46. Ke5 Kc6 47. Kf6 Kd6 48. Kg7 Ke6 49. Kxh7 Kf6 50. g4 Ra7+ 51.
Kh6 Ke5 52. g3 Kf6 53. gxf5 gxf5 54. g4 Ra5 55. Rxf5+ Rxf5 56. gxf5 Kxf5 57. Kh5 Kf4 58. Kh4 Kf3 59. Kh3 Kxf2 1/2-1/2

[Event "*** Titled Tuesday Blitz"]
[Site "Chess.com"]
[Date "2021.04.27"]
[Round "4"]
[White "topin8"]
[Black "ExtremeLearner"]
[Result "1-0"]
[WhiteElo "2250"]
[BlackElo "2413"]
[TimeControl "180+1"]
[EndTime "10:40:29 PDT"]
[Termination "topin8 won by resignation"]

1. e4 c6 2. Nf3 d5 3. Nc3 Bg4 4. h3 Bxf3 5. Qxf3 e6 6. d4 Nf6 7.
Bd3 Bb4 8. O-O Bxc3 9. bxc3 Qa5 10. e5 Nfd7 11. Rb1 b5 12. Bd2 Qc7 13. Qg4 Kf8 14. f4 h5 15. Qh4 g6 16. g4 Kg7 17. f5 hxg4 18. f6+ Kg8 19. Qxg4 Nf8 20. Kf2 c5 21. h4 c4 22. Be2 Nbd7 23. Qf4 Nh7 24. Rg1 Ndxf6 25. exf6 Qxf4+ 26. Bxf4 Nxf6 27. Be5 Kg7 28. Ke3 Rxh4 29. Rgf1 Re4+ 30. Kd2 Rxe5 31. dxe5 Ne4+ 32. Ke3 Nxc3 33. Rb2 d4+ 34. Kd2 Ne4+ 35.
Ke1 a6 36. Bf3 Rh8 37. Bxe4 Rh5 38. Bf3 Rxe5+ 39. Kd1 Re3 40. Be2 f5 41. Rb1 Ra3 42.
Ra1 e5 43. Rf3 Rxf3 44. Bxf3 e4 45. Be2 d3 46. cxd3 cxd3 47. Bxd3 exd3 48. Kd2 Kf6 49.
Rg1 g5 50. Kxd3 f4 51. Ke4 a5 52. a3 b4 53. axb4 axb4 54. Rb1 Kg6 55. Rxb4 Kh5 56.
Kf5 Kh4 57. Rb3 f3 58. Rxf3 g4 59. Rf4 Kh5 60. Rxg4 Kh6 61. Kf6 1-0

[Event "*** Titled Tuesday Blitz"]
[Site "Chess.com"]
[Date "2021.04.27"]
[Round "4"]
[White "MPGM"]
[Black "Dinamo81"]
[Result "0-1"]
[WhiteElo "2487"]
[BlackElo "2716"]
[TimeControl "180+1"]
[EndTime "10:40:30 PDT"]
[Termination "Dinamo81 won by checkmate"]

1. d4 d5 2. Nf3 e6 3. c4 a6 4.
Nbd2 Nf6 5. g3 c5 6. cxd5 exd5 7. Bg2 Nc6 8. O-O Bg4 9. b3 cxd4 10. Bb2 Bc5 11. Rc1 Qe7 12. h3 Bh5 13. Qc2 Ba7 14. Nh4 O-O 15. Ndf3 Ne4 16. Nf5 Qf6 17. g4 Bg6 18.
N3h4 Rfe8 19. Qd1 Bxf5 20. Nxf5 g6 21. Nxd4 Nxd4 22. e3 Nf3+ 23. Qxf3 Qxb2 24. Rc7 Qf6 25. Qxf6 Nxf6 26. Rxb7 Bc5 27. Rc1 Rac8 28. Bf1 d4 29.
exd4 Bxd4 30. Rxc8 Rxc8 31. Bc4 a5 32. Kg2 Rf8 33.
f3 Bc3 34. g5 Nh5 35. h4 Nf4+ 36. Kg3 Ne6 37. Kg4 Rd8 38. f4 Rd4 39. Bxe6 fxe6 40. Rb8+ Kf7 41. Rb7+ Kf8 42. Rxh7 Bd2 43. Rh6 Rxf4+ 44.
Kg3 Kg7 45. h5 gxh5 46. Rxe6 Rf5 47. g6 Rg5+ 48. Kh4 Rc5 49. Ra6 Be1+ 50. Kh3 Rc3+ 51. Kg2 Rc2+ 52. Kh3 Rxa2 53. Ra7+ Kxg6 54. b4 Bxb4 55.
Ra6+ Kg5 56. Rb6 Ra3+ 57. Kg2 Rc3 58. Rb5+ Kg4 59. Rb8 Rc2+ 60. Kh1 h4 61. Rg8+ Kh3 62. Rg1 Rh2# 0-1

[Event "*** Titled Tuesday Blitz"]
[Site "Chess.com"]
[Date "2021.04.27"]
[Round "4"]
[White "sorrm8thatscheckm8"]
[Black "German_Bazeev"]
[Result "1/2-1/2"]
[WhiteElo "2566"]
[BlackElo "2784"]
[TimeControl "180+1"]
[EndTime "10:40:32 PDT"]
[Termination "Game drawn - insufficient material"]

1. d4 Nf6 2. c4 e6 3. Nf3 Bb4+ 4.
Bd2 c5 5. Bxb4 cxb4 6. g3 b6 7. Bg2 Bb7 8. O-O a5 9. a3 Na6 10. Nbd2 O-O 11. Ne1 Qc7 12. Nc2 Bxg2 13. Kxg2 Rfc8 14.
axb4 axb4 15. Ne3 e5 16. dxe5 Qxe5 17. Nf3 Qe4 18. Qd3 Nc5 19. Qxe4 Nfxe4 20. Nd5 Nb3 21. Rxa8 Rxa8 22. Nxb6 Ra2 23. Nxd7 Rxb2 24. Rd1 f6 25. Rd3 Nc1 26. Re3 Rxe2 27. Rxe2 Nxe2 28. c5 b3 29. c6 b2 30. c7 Nd6 31. Nd2 Nc8 32.
Nb1 Nd4 33. Nc5 Nb5 34. Nd3 Nxc7 35. Nxb2 Kf7 36. Nd3 Nd6 37. Nd2 Ne6 38. Nf3 g5 39. h3 h5 40. Nb4 Nc5 41. Nd5 Ke6 42. Ne3 Nce4 43. Nd4+ Ke5 44. Nf3+ Ke6 45. Nd4+ Kf7 46. Ndf5 Nxf5 47. Nxf5 Kg6 48. Ne7+ Kf7 49. Nd5 Ke6 50.
Ne3 Nd6 51. Nd1 Ke5 52. Ne3 Ke4 53. Nd1 Kd3 54. Ne3 Ne4 55. Kf3 Nd2+ 56. Kg2 Ke4 57. Nd1 f5 58. Ne3 f4 59. gxf4 gxf4 60. Nd1 h4 61. Nc3+ Kd3 62. Nd5 f3+ 63. Kg1 Ke2 64.
Nf4+ Ke1 65. Ng6 Ke2 66. Nxh4 Ne4 67. Nxf3 Kxf3 68. h4 Nxf2 69. h5 Ng4 70. h6 Nxh6 1/2-1/2

[Event "*** Titled Tuesday Blitz"]
[Site "Chess.com"]
[Date "2021.04.27"]
[Round "4"]
[White "Abdimalik_Abdisalimov"]
[Black "vovachesss"]
[Result "0-1"]
[WhiteElo "2338"]
[BlackElo "2610"]
[TimeControl "180+1"]
[EndTime "10:40:32 PDT"]
[Termination "vovachesss won on time"]

1. d4 Nf6 2. c4 c6 3. Bf4 Qb6 4.
b3 d5 5. c5 Qd8 6. Nd2 Bf5 7.
e3 Nbd7 8. Ngf3 Nh5 9. Be2 Nxf4 10. exf4 Qc7 11. g3 g6 12. O-O Bg7 13. Re1 O-O 14.
b4 f6 15. Nb3 e5 16. fxe5 fxe5 17. dxe5 Nxe5 18. Nfd4 Bh3 19. f4 Qf7 20. Bf1 Bxf1 21. Rxf1 Nc4 22. Qd3 Rae8 23. Rae1 Re7 24. Kf2 Rfe8 25.
Rxe7 Qxe7 26. Qc3 Qe4 27. Re1 Qxe1+ 28. Qxe1 Rxe1 29. Kxe1 Kf7 30. Ke2 Bf6 31. a4 a6 32.
b5 axb5 33. axb5 cxb5 34. Nxb5 h5 35. Kd3 Ke6 36. N3d4+ Kd7 37. Ne2 Na5 38. Nec3 Kc6 39. Nd6 Kxc5 40. Ne8 Bxc3 41. Kxc3 Nc6 42. Ng7 d4+ 43.
Kd3 Nb4+ 44. Kd2 Kc4 45. Ne6 Nd5 46. Nf8 Ne7 47. h3 b5 48. g4 hxg4 49. hxg4 b4 50. Nxg6 Nxg6 51. f5 Ne5 52. f6 Nf7 53. Kc2 b3+ 54. Kb2 Kb4 55. Kb1 Kc3 56. Kc1 b2+ 57.
Kb1 d3 58. g5 Nxg5 59. f7 Nxf7 60. Ka2 Kc2 0-1

[Event "*** Titled Tuesday Blitz"]
[Site "Chess.com"]
[Date "2021.04.27"]
[Round "4"]
[White "AleksanderHnydiuk"]
[Black "RobertoJBM"]
[Result "0-1"]
[WhiteElo "2540"]
[BlackElo "2723"]
[TimeControl "180+1"]
[EndTime "10:40:33 PDT"]
[Termination "RobertoJBM won by resignation"]

1. Nf3 d5 2. d4 c6 3. c4 Nf6 4.
Qc2 g6 5. Bf4 Bg7 6. e3 Bf5 7.
Qb3 Qb6 8. Nc3 Qxb3 9. axb3 O-O 10. h3 h5 11. Be2 Nbd7 12. O-O a6 13. Rfc1 Rac8 14.
c5 Ne4 15. b4 Nxc3 16. bxc3 Rfe8 17. Bg3 e5 18. Kf1 Be4 19. Nd2 Bf5 20. Nb3 Rc7 21. Na5 Nf8 22. Bxe5 Bxe5 23. dxe5 Rxe5 24. c4 Be6 25.
Rd1 Re7 26. b5 axb5 27. cxb5 cxb5 28. Rab1 Rc7 29. Rxb5 Bc8 30. Bf3 Ne6 31. Nb3 Rd7 32.
Nd4 Kg7 33. Ra1 Rc7 34. Raa5 Nd8 35. Ra8 Nc6 36. Nxc6 bxc6 37. Rbb8 Bf5 38. Rb6 Ree7 39. Raa6 Re6 40. Be2 h4 41. Ra4 Kh6 42. Rxh4+ Kg5 43. Rhb4 Kf6 44. Rb7 Ree7 45. Rxc7 Rxc7 46. Rb6 Bd7 47.
Ke1 Ke5 48. f4+ Ke4 49. Kd2 Kf5 50. Bd3+ Kf6 51. Ra6 Rb7 52. Rb6 Ra7 53. Bc2 Ke7 54. Kc3 Ra2 55. Rb2 Ra3+ 56. Rb3 Ra1 57. Rb4 Ke6 58. g4 Rh1 59. g5 Rxh3 60. Kd4 Rh2 61. Rb8 Rxc2 62. Rg8 Rc4+ 63. Kd3 Re4 0-1

[Event "*** Titled Tuesday Blitz"]
[Site "Chess.com"]
[Date "2021.04.27"]
[Round "4"]
[White "Mrlammy"]
[Black "MerryPoppies"]
[Result "1/2-1/2"]
[WhiteElo "2258"]
[BlackElo "2093"]
[TimeControl "180+1"]
[EndTime "10:40:33 PDT"]
[Termination "Game drawn by repetition"]

1. e4 c6 2. d4 d5 3. e5 Bf5 4. Nd2 Qb6 5. Nb3 Na6 6. Nf3 h6 7. Bd3 Bxd3 8. Qxd3 e6 9. O-O Ne7 10. c3 Ng6 11. Ne1 c5 12. dxc5 Nxc5 13. Nxc5 Bxc5 14. Qe2 Qc7 15. Nd3 Bb6 16. Bf4 Qc4 17.
Bg3 O-O 18. Rfd1 Rfd8 19. Qf3 d4 20. cxd4 Rxd4 21. b3 Qd5 22. Qe2 Rd8 23. Nb2 Rd2 24. Rxd2 Qxd2 25. Qxd2 Rxd2 26. Nc4 Bd4 27. Nxd2 Bxa1 28.
f4 b5 29. Kf2 Kf8 30. Kf3 Ke7 31. Ne4 Bd4 32. Be1 Kd7 33. Nd6 a6 34. Nxf7 Bc5 35. b4 Bf8 36. g3 Ne7 37. Nd6 Nd5 38. Ne4 Nxb4 39. a3 Nd5 40. f5 Nb6 41. fxe6+ Kxe6 42. Kf4 Nc4 43. Nf2 Nxa3 44. Nd3 Nc4 45. Ke4 a5 46. Nf4+ Kd7 47. Kd5 Ne3+ 48. Ke4 Nc2 49.
Bxa5 b4 50. Kd3 b3 51. Kc3 Bb4+ 52. Kxb3 Bxa5 53. Kxc2 Bc7 54. e6+ Ke7 55. Nd5+ Kd6 56. Nxc7 Kxc7 57. Kd3 Kd6 58. Ke4 Kxe6 59. Kf4 Kf6 60.
Kg4 Kg6 61. Kh4 Kf6 62. Kh5 Kf7 63. Kg4 Kg6 64. Kf4 Kf6 65. h3 g6 66. Kg4 h5+ 67. Kf4 g5+ 68. Ke4 Ke6 69. g4 h4 70. Kd4 Kd6 71. Ke4 Ke6 72. Kd4 Kd6 73. Ke4 Ke6 1/2-1/2

[Event "*** Titled Tuesday Blitz"]
[Site "Chess.com"]
[Date "2021.04.27"]
[Round "4"]
[White "ShahMatKanal"]
[Black "Gusarov91"]
[Result "0-1"]
[WhiteElo "2416"]
[BlackElo "2617"]
[TimeControl "180+1"]
[EndTime "10:40:34 PDT"]
[Termination "Gusarov91 won by resignation"]

1. e4 c6 2. Nf3 d5 3. Nc3 Bg4 4. h3 Bxf3 5. Qxf3 e6 6. d3 Nd7 7. g3 Ngf6 8. Bg2 Bb4 9. Bd2 d4 10. Nb1 Bxd2+ 11. Nxd2 O-O 12. O-O a5 13. a4 Ne8 14.
Qe2 e5 15. f4 Nd6 16. Nf3 f6 17. h4 Qe7 18. Bh3 Nc5 19. b3 b5 20. axb5 cxb5 21.
fxe5 fxe5 22. Ng5 Rxf1+ 23. Rxf1 h6 24. Qh5 Qe8 25. Qxe8+ Rxe8 26. Nf3 a4 27. bxa4 bxa4 28. Rb1 a3 29. Kf2 Kf7 30. Ke1 Kf6 31. Kd2 Ra8 32.
Rf1 Ndxe4+ 33. dxe4 Nxe4+ 34. Kd3 Nxg3 35. Rg1 a2 36.
Ra1 Ra3+ 37. Kc4 Rxf3 38. Rxa2 Rc3+ 39. Kd5 Re3 40. Ra6+ Kf7 41. Ra7+ Kf6 42. Ra6+ Kf7 43. Ra7+ Kg8 44. Be6+ Kh7 45. Ra8 h5 46. Bg8+ Kh6 47.
Ra6+ g6 48. Bf7 Kg7 49. Bxg6 e4 50. Be8 d3 51. cxd3 exd3 52. Bb5 d2 53. Ra7+ Kf6 54.
Ba4 Rd3+ 55. Kc4 d1=Q 56. Bxd1 Rxd1 57. Ra6+ Kf5 58. Ra5+ Kg4 59. Rg5+ Kxh4 60. Rg8 Rd7 61. Kc5 Kh3 62. Kc6 Rd1 63. Kc5 h4 64. Kc4 Kh2 65.
Kc3 h3 66. Kc2 Rd7 67. Kc3 Kg2 68. Kc4 h2 69. Kc5 h1=Q 0-1

[Event "*** Titled Tuesday Blitz"]
[Site "Chess.com"]
[Date "2021.04.27"]
[Round "4"]
[White "Shuvalov"]
[Black "Andrakhanova"]
[Result "0-1"]
[WhiteElo "2444"]
[BlackElo "2298"]
[TimeControl "180+1"]
[EndTime "10:40:34 PDT"]
[Termination "Andrakhanova won by resignation"]

1. Nf3 d5 2. c4 e6 3. g3 c6 4. b3 Nf6 5. Bb2 Nbd7 6. Bg2 Bd6 7. d4 O-O 8. O-O Qe7 9. Qc1 Rd8 10. Rd1 a5 11. Nc3 h6 12. e3 Rb8 13. a4 b6 14. Ba3 Ba6 15. Bxd6 Qxd6 16. Nd2 e5 17. dxe5 Nxe5 18. Qc2 Qe6 19. cxd5 cxd5 20. Nf3 Nxf3+ 21. Bxf3 Rbc8 22. Qd2 Ne4 23. Nxe4 dxe4 24. Qxd8+ Rxd8 25. Rxd8+ Kh7 26. Bg2 Bd3 27. Rc1 Qxb3 28. Rd4 f5 29.
g4 Qb2 30. Re1 Qd2 31. Ra1 Qc3 32. Rd1 Be2 33. gxf5 Bxd1 34. Rxd1 Qc2 35. Rd4 Qb1+ 36. Bf1 h5 37. Kg2 Kh6 38. Bb5 Kg5 39. Rd5 h4 40. h3 Kf6 41. Rd6+ Kxf5 42. Rxb6 Qd1 43. Ra6 Qf3+ 44. Kg1 g5 45. Rxa5 Kf6 46. Bf1 Qd1 47. Ra6+ Ke5 48. a5 g4 49. Rb6 g3 50. fxg3 hxg3 51. Rb2 Qf3 52. Rg2 Qxe3+ 53. Kh1 Qf3 54. Kg1 e3 55. a6 Kf4 56. h4 Qc6 57. h5 Kg4 58. Be2+ Kh4 59. Bf1 Qb6 60. Ra2 e2+ 61. Kg2 exf1=Q+ 62. Kxf1 Qb1+ 63. Kg2 Qxa2+ 64. Kf3 Qxa6 65.
h6 Qxh6 0-1

[Event "*** Titled Tuesday Blitz"]
[Site "Chess.com"]
[Date "2021.04.27"]
[Round "4"]
[White "Witik"]
[Black "AldokhinIvan"]
[Result "1/2-1/2"]
[WhiteElo "2705"]
[BlackElo "2537"]
[TimeControl "180+1"]
[EndTime "10:40:39 PDT"]
[Termination "Game drawn by agreement"]

1. d4 Nf6 2. Bf4 e6 3. e3 Nc6 4. Nf3 d6 5. c4 h6 6. h3 g5 7. Bh2 Bg7 8. Nc3 Qe7 9. Be2 Bd7 10. Qc2 a6 11. a3 O-O 12. O-O g4 13. hxg4 Nxg4 14.
Bg3 f5 15. d5 Nce5 16. Nd4 c6 17. dxe6 Bxe6 18. Nxe6 Qxe6 19. Rad1 Rad8 20. b3 h5 21. Rfe1 Ng6 22. Bxg4 fxg4 23. Qe4 Qf7 24. Ne2 h4 25. Bf4 d5 26. cxd5 cxd5 27. Qd3 d4 28. Qc4 Qxc4 29.
bxc4 d3 30. Bc7 Rc8 31. Bb6 dxe2 32. Rxe2 Ne5 33. c5 h3 34. Rd5 hxg2 35. Kxg2 Nc4 36.
e4 Rc6 37. e5 Nxe5 38. Rdxe5 Bxe5 39. Rxe5 Rcf6 40. Rg5+ Kf7 41. c6 Rxc6 42. Be3 Rc4 43. Rf5+ Ke8 44. Re5+ Kd7 45. Rg5 Rf7 46. Rd5+ Kc6 47.
Rg5 Re4 48. Kg3 b5 49. Rg6+ Kd5 50. Rxa6 Rf3+ 51. Kg2 Rexe3 52. fxe3 Rxe3 53. Rg6 Rxa3 54. Rxg4 Rc3 55. Kf2 Kc5 56. Ke2 b4 57. Kd2 Rf3 58. Kc2 Rh3 59. Kb2 Kb5 60. Rg8 Kc4 61. Rc8+ Kb5 62.
Rb8+ Ka4 63. Ra8+ Kb5 64. Rb8+ Kc4 1/2-1/2

[Event "*** Titled Tuesday Blitz"]
[Site "Chess.com"]
[Date "2021.04.27"]
[Round "4"]
[White "Steegersee"]
[Black "viktorgen2021"]
[Result "0-1"]
[WhiteElo "2208"]
[BlackElo "2390"]
[TimeControl "180+1"]
[EndTime "10:40:39 PDT"]
[Termination "viktorgen2021 won by checkmate"]

1. e4 d5 2. exd5 Nf6 3. d4 g6 4. Nf3 Bg7 5. Bd3 O-O 6. O-O b6 7. b3 Bb7 8. Bb2 Qxd5 9. c4 Qh5 10. Ne5 Rd8 11. Qxh5 Nxh5 12. Re1 c5 13. d5 Nd7 14. Nd2 Nf4 15. Bf1 e6 16. g3 Nh5 17. Nxf7 Bxb2 18.
Nxd8 Rxd8 19. Rab1 Bc3 20. dxe6 Bxd2 21. Red1 Ne5 22.
Bg2 Bxg2 23. Kxg2 Kf8 24. Rb2 Bg5 25. Rxd8+ Bxd8 26. f4 Nc6 27. Rd2 Nd4 28. Kf2 Ng7 29. Rd3 Ngf5 30. Rd2 Ke7 31. Rd3 Kxe6 32. Rd2 Bf6 33. h3 Nd6 34. Ke3 N4f5+ 35. Kf2 Bd4+ 36. Kf3 h5 37. Re2+ Kf6 38. g4 hxg4+ 39. hxg4 Ne3 40.
Rh2 Nf1 41. Rh7 Nd2+ 42. Ke2 N2e4 43. Rxa7 g5 44. Kf3 Nd2+ 45. Ke2 Nb1 46. f5 Nc3+ 47. Kf3 Nde4 48. Ra6 Nd2+ 49. Kg3 Nce4+ 50. Kg2 Ke5 51. Rxb6 Kf4 52. f6 Nxf6 53. a4 Nxg4 54. a5 Ne3+ 55. Kh2 g4 56. a6 Nf3+ 57. Kh1 g3 58. Rg6 Nh4 59. Rxg3 Kxg3 60. a7 Ng4 61. a8=Q Nf3 62. Qg8 Kh3 63. Qh8+ Nh4 64. Qg8 Kg3 65. Qd5 Nf3 66. Qd6+ Be5 67. Qd1 Nf2# 0-1

[Event "*** Titled Tuesday Blitz"]
[Site "Chess.com"]
[Date "2021.04.27"]
[Round "4"]
[White "Aradhya2000"]
[Black "MartinMatthiesen"]
[Result "1/2-1/2"]
[WhiteElo "2625"]
[BlackElo "2457"]
[TimeControl "180+1"]
[EndTime "10:40:40 PDT"]
[Termination "Game drawn - insufficient material"]

1. d4 Nf6 2. c4 e6 3. a3 c5 4.
e3 g6 5. Nc3 Bg7 6. Nf3 O-O 7.
d5 exd5 8. cxd5 d6 9. h3 a6 10. Bd3 b5 11. O-O Nbd7 12. Re1 Re8 13. e4 c4 14. Bc2 Nc5 15. Nd4 Bd7 16. Bf4 Qb6 17. Rb1 Ncxe4 18. Bxe4 Nxe4 19. Rxe4 Rxe4 20. Nxe4 Bxd4 21. Qd2 Bf5 22. Rd1 Be5 23. Bxe5 dxe5 24. Qe2 f6 25. d6 Kg7 26. g4 Bxe4 27. Qxe4 Rd8 28. Qd5 Rd7 29. g5 fxg5 30. Qxe5+ Kh6 31. Rd4 Qc6 32. h4 Qf3 33. hxg5+ Kh5 34. Qe6 Qf5 35. Qxf5 gxf5 36. f4 h6 37. Rd5 hxg5 38. Rxf5 Kg4 39. Rxg5+ Kxf4 40. Rg6 Ke5 41. Rg5+ Kd4 42. Kf2 Rxd6 43.
Ke2 Rh6 44. Rg4+ Kc5 45. Kd2 Rh3 46. Kc2 Kb6 47. Rg6+ Ka5 48. Rf6 Rh8 49. Re6 Rb8 50.
b4+ cxb3+ 51. Kxb3 Rb6 52. Re3 Rg6 53. Rf3 Kb6 54. Re3 Rf6 55. a4 bxa4+ 56. Kxa4 Kc6 57. Ka5 Kb7 58. Rb3+ Ka7 59. Re3 Rf5+ 60. Kb4 a5+ 61.
Ka4 Kb6 62. Re6+ Kc5 63. Kxa5 Kd5 64. Rb6 Ke4+ 65. Rb5 Rxb5+ 66. Kxb5 1/2-1/2

[Event "*** Titled Tuesday Blitz"]
[Site "Chess.com"]
[Date "2021.04.27"]
[Round "4"]
[White "frederiksvane"]
[Black "debashisdebs"]
[Result "1-0"]
[WhiteElo "2753"]
[BlackElo "2918"]
[TimeControl "180+1"]
[EndTime "10:40:42 PDT"]
[Termination "frederiksvane won by resignation"]

1. e4 c5 2. Nf3 d6 3. d4 cxd4 4.
Nxd4 Nf6 5. Nc3 a6 6. Bd3 e5 7. Nde2 Be7 8. O-O Be6 9. Ng3 g6 10. Nd5 Bxd5 11. exd5 Nbd7 12. c4 O-O 13. Bh6 Re8 14.
Rc1 Bf8 15. Be3 a5 16. Qb3 b6 17. Qb5 h5 18. Bg5 Be7 19. Bb1 Nh7 20. Bxe7 Qxe7 21. Rce1 h4 22. Ne4 Nc5 23. b3 Nxe4 24. Bxe4 Rab8 25.
f4 f5 26. Bxf5 gxf5 27. fxe5 dxe5 28. Rxf5 e4 29. Kh1 Qb4 30. Qxb4 axb4 31. Rf4 Ra8 32. Re2 Rf8 33. Rg4+ Kh8 34. Kg1 Nf6 35. Rxh4+ Kg7 36. Rf4 Kg6 37. h4 Nh5 38. Rfxe4 Nf6 39. Re6 Rf7 40.
R2e5 Kg7 41. Rg5+ Kf8 42. Rf5 Ng8 43. Rxf7+ Kxf7 44. Rxb6 Rxa2 45. Rxb4 Nf6 46. Kh2 Ng4+ 47. Kh3 Ne3 48. g4 Rf2 49. Rb7+ Kf6 50. Rb6+ Ke5 51.
Re6+ Kd4 52. h5 Rf3+ 53. Kh4 Rf4 54. Rg6 Rf1 55. h6 Ke5 56. Re6+ Kd4 57. d6 Rh1+ 58. Kg5 Rg1 59. Rxe3 Kxe3 60. d7 Rd1 61. h7 Rxd7 62. h8=Q Rd3 63. Qe5+ Kd2 64. Qb2+ Ke3 65. Qc1+ Kd4 66.
c5 1-0

[Event "*** Titled Tuesday Blitz"]
[Site "Chess.com"]
[Date "2021.04.27"]
[Round "4"]
[White "politeplayer"]
[Black "Yana_pro"]
[Result "1-0"]
[WhiteElo "2246"]
[BlackElo "1958"]
[TimeControl "180+1"]
[EndTime "10:40:48 PDT"]
[Termination "politeplayer won by checkmate"]

1. d4 Nf6 2. Nf3 g6 3. c4 Bg7 4. Nc3 O-O 5. e4 d6 6. Be2 e5 7. O-O Nc6 8. dxe5 dxe5 9. Qxd8 Rxd8 10. Bg5 Be6 11. Rad1 h6 12. Bxf6 Bxf6 13. Nd5 Bxd5 14. cxd5 Nd4 15. Nxd4 exd4 16. f4 c5 17. e5 Bg7 18. d6 f6 19. Bc4+ Kf8 20. Rde1 a6 21. Bd5 Rab8 22. Rc1 b6 23. b4 Rbc8 24. Bb7 Rb8 25.
Bxa6 cxb4 26. Rc7 fxe5 27. Bc4 e4 28. Rf7+ Kg8 29. d7 Kh8 30. f5 gxf5 31. R1xf5 d3 32. Re7 d2 33. Bb3 Bf8 34. Rxe4 Bc5+ 35. Kf1 Rxd7 36. Ke2 Rbd8 37. Kd1 Rd4 38. Re6 R4d6 39.
Rxd6 Rxd6 40. Rf7 Rd8 41. Bc2 h5 42. Rh7+ Kg8 43. Rxh5 Rd4 44. Rg5+ Kf8 45. Rf5+ Ke7 46.
Rf2 Kd6 47. Rxd2 Ke5 48. Rxd4 Kxd4 49. g4 Kc3 50. h4 Be3 51. Bb3 Kd4 52. g5 Bf4 53.
Ke2 Ke5 54. Kf3 Bc1 55. Kg4 Kd6 56. Kf5 Ke7 57. Kg6 Kf8 58. h5 Bb2 59. h6 b5 60.
Kh7 Bc3 61. g6 Ke7 62. g7 Bxg7 63. hxg7 Kf6 64. g8=Q Ke5 65. Qd5+ Kf4 66. Qxb5 Ke3 67. Qxb4 Ke2 68. Bc4+ Kf2 69. Qc3 Kg2 70. a4 Kh2 71. a5 Kg1 72. a6 Kh2 73. a7 Kg1 74. Qc2 Kh1 75. a8=Q+ Kg1 76. Qag2# 1-0

[Event "*** Titled Tuesday Blitz"]
[Site "Chess.com"]
[Date "2021.04.27"]
[Round "4"]
[White "eltrain1971"]
[Black "MIJuanReyesRosa"]
[Result "0-1"]
[WhiteElo "2241"]
[BlackElo "2036"]
[TimeControl "180+1"]
[EndTime "10:40:53 PDT"]
[Termination "MIJuanReyesRosa won by resignation"]

1. c4 c5 2. g3 Nf6 3. Bg2 d5 4. cxd5 Nxd5 5. Nc3 Nxc3 6. bxc3 Nc6 7. Rb1 g6 8. h4 h5 9. c4 Bg7 10. Nf3 Qc7 11.
O-O Bf5 12. d3 O-O 13. Bb2 b6 14. Bxg7 Kxg7 15. Nd2 Rad8 16. Ne4 Nd4 17. Rb2 Qc8 18.
e3 Nc6 19. Rd2 Ne5 20. Qa1 f6 21. Qc3 Rd7 22. f3 Rfd8 23. Rfd1 Bxe4 24. dxe4 Rxd2 25. Rxd2 Rxd2 26. Qxd2 Nxc4 27. Qc3 Qe6 28. Bf1 Ne5 29.
Kf2 Qxa2+ 30. Be2 c4 31. Kf1 b5 32. f4 Qb1+ 33. Kg2 Nd3 34. e5 Qb2 35. exf6+ exf6 36. Qxb2 Nxb2 37. Kf2 c3 38. Ke1 c2 39. Kd2 Nc4+ 40.
Kxc2 Nxe3+ 41. Kb3 Nd5 42. Bf3 Ne3 43. Kb4 a6 44.
Bb7 Nf1 45. Bxa6 Nxg3 46. Bxb5 Nf5 47. Kc3 Nxh4 48. Kd2 Ng2 49. f5 gxf5 50. Ke2 Nf4+ 51. Kf3 Ng6 52. Bd7 Kh6 53. Bxf5 Kg5 54. Bc8 Ne5+ 55.
Kg2 f5 56. Kh2 h4 57. Kh3 Nf3 58. Bb7 Nd4 59. Bc8 Ne2 60. Bxf5 Nf4+ 61. Kh2 Kxf5 62.
Kg1 Kg5 63. Kf2 Kg4 64. Kg1 h3 65. Kh1 Kg3 66. Kg1 Ng6 67. Kh1 Nh4 68. Kg1 Nf5 69.
Kh1 Ne3 70. Kg1 Ng4 0-1

[Event "*** Titled Tuesday Blitz"]
[Site "Chess.com"]
[Date "2021.04.27"]
[Round "4"]
[White "SchmakAttack"]
[Black "masteryoungK"]
[Result "1/2-1/2"]
[WhiteElo "2617"]
[BlackElo "2448"]
[TimeControl "180+1"]
[EndTime "10:40:59 PDT"]
[Termination "Game drawn by repetition"]

1. Nf3 Nf6 2. g3 g6 3. b3 Bg7 4.
Bb2 O-O 5. Bg2 d6 6. c4 e5 7.
O-O Re8 8. Nc3 Nc6 9. d4 e4 10. Ng5 Bf5 11. d5 Nb8 12. f3 exf3 13. Nxf3 Ne4 14.
Rc1 Nd7 15. Nd4 Nxc3 16. Bxc3 Be4 17. Bxe4 Rxe4 18. Nb5 Bxc3 19. Nxc3 Re8 20. Qd4 Qe7 21. e4 a6 22. b4 Qe5 23. Qf2 Rf8 24. Ne2 Qxe4 25.
Nd4 Ne5 26. Qf4 Qxf4 27. gxf4 Nd3 28. Rb1 Rfe8 29. Rf3 Ne1 30. Rc3 Re4 31. Rcb3 Rxd4 32. Rxe1 Rxc4 33. b5 axb5 34. Rxb5 Rxa2 35. Rxb7 Rxf4 36.
Rxc7 Rff2 37. Rd7 Rg2+ 38. Kh1 Rxh2+ 39. Kg1 Rhg2+ 40. Kh1 Rg3 41. Rxd6 Ra4 42. Re2 Rd4 43. Rd8+ Kg7 44. Re7 Rgd3 45. Red7 Rg3 46. Kh2 Rg5 47.
Kh3 h5 48. d6 Rg1 49. Re7 Rdg4 50. Re2 Rh1+ 51. Rh2 Rd1 52. Re2 Rd3+ 53. Kh2 Rgd4 54. Rf2 Rxd6 55. Rb8 R3d4 56. Rb7 Rh4+ 57. Kg3 Rg4+ 58.
Kh3 Rf6 59. Re2 Rgf4 60. Ree7 Rf3+ 61. Kg2 g5 62. Red7 h4 63. Rd5 Kg6 64. Rbb5 R3f5 65. Rxf5 Rxf5 66. Rb8 g4 67. Rg8+ Kh5 68. Rh8+ Kg5 69.
Rg8+ Kf4 70. Ra8 h3+ 71. Kh2 g3+ 72. Kxh3 Rh5+ 73. Kg2 Rh2+ 74. Kg1 Kg4 75. Ra4+ Kg5 76. Ra3 Kg4 77. Ra4+ Kg5 78. Ra3 Kg4 79. Ra4+ 1/2-1/2

[Event "*** Titled Tuesday Blitz"]
[Site "Chess.com"]
[Date "2021.04.27"]
[Round "4"]
[White "Love_craft"]
[Black "Durarbayli"]
[Result "0-1"]
[WhiteElo "2550"]
[BlackElo "2748"]
[TimeControl "180+1"]
[EndTime "10:41:03 PDT"]
[Termination "Durarbayli won by checkmate"]

1. d4 d5 2. c4 c6 3. Nd2 Nf6 4. Ngf3 g6 5. e3 Bg7 6. Bd3 O-O 7. O-O b6 8. b4 Bb7 9. Bb2 Na6 10. a3 c5 11. Qe2 cxd4 12. Bxd4 Nc7 13. Rfd1 Ne6 14. Bb2 Rc8 15. Rac1 Qc7 16. cxd5 Qxc1 17.
Rxc1 Rxc1+ 18. Bxc1 Nxd5 19. Nc4 Rd8 20. Bb2 b5 21. Na5 Ndf4 22. exf4 Bxf3 23. Qxf3 Bxb2 24. g3 Bxa3 25. Nc6 Rd7 26. Bxg6 Bxb4 27. Nxb4 hxg6 28. f5 Nd4 29. Qa8+ Kg7 30. fxg6 Kxg6 31. Kg2 e6 32. Qc8 Rd6 33. Qg8+ Kf6 34. Qh8+ Ke7 35. Nd3 Rd7 36. Ne5 Rd5 37. Qh4+ f6 38. Ng4 Nf5 39. Qh7+ Kd6 40.
Nh6 Nd4 41. Nf7+ Kc5 42. h4 a5 43. Qg8 b4 44. Qf8+ Kb5 45. Nd6+ Ka4 46. Ne4 f5 47. Qe8+ Kb3 48. Nd2+ Kc3 49. Nf3 Nxf3 50. Kxf3 b3 51.
Qxe6 Rd4 52. Qc6+ Rc4 53. Qf6+ Kc2 54. Qxf5+ Kc3 55. Qxa5+ Rb4 56. Qa1+ b2 57. Qb1 Ra4 58. h5 Ra1 59. Qxb2+ Kxb2 60. g4 Kc3 61. Kf4 Kd4 62. g5 Kd5 63. Kf5 Kd6 64. h6 Ke7 65. Kg6 Kf8 66. h7 Ra6+ 67. Kh5 Kg7 68. f4 Kxh7 69. f5 Kg7 70. f6+ Kf7 71. Kh6 Ra1 72. Kh5 Rg1 73.
Kh6 Rh1# 0-1